ITL
TOPEKA TORNADOS @ INDIANA HOUNDS
04/12/2026
 
TOP OF THE 1ST
Topeka Tornados batting - Pitching for Indiana Hounds : RHP Claudio Martínez
Pitching: RHP Claudio Martínez
Batting: RHB José Pinto 0-0: Called Strike
0-1: SINGLE (Line Drive, 56)
Batting: LHB Morgan Wright 0-0: DOUBLE (Line Drive, 7D)
José Pinto to third
Batting: RHB Cho-yun Qiao 0-0: Called Strike
0-1: Ball
1-1: Foul Ball, location: 2F
1-2: Foul Ball, location: 2F
1-2: Foul Ball, location: 2F
1-2: Strikes out swinging
Batting: LHB Yoshiaki Ohayashi 0-0: Ball
1-0: Foul Ball, location: 2F
1-1: Ball
2-1: Foul Ball, location: 2F
2-2: Ball
3-2: Strikes out swinging
Batting: RHB Bob Hall 0-0: Foul Ball, location: 2F
0-1: Ground out 6-3 (Groundball, 6)
Top of the 1st over - 0 run(s), 2 hit(s), 0 error(s), 2 left on base; Topeka 0 - Indiana 0
BOTTOM OF THE 1ST
Indiana Hounds batting - Pitching for Topeka Tornados : RHP Willie St. John
Pitching: RHP Willie St. John
Batting: RHB Danny Walker 0-0: Ball
1-0: SINGLE (Flyball, 9LS)
Batting: RHB Domingo Romero 0-0: Foul Ball, location: 2F
0-1: Ball
1-1: Called Strike
1-2: Ball
2-2: Foul Ball, location: 2F
2-2: Ball
3-2: Base on Balls
Danny Walker to second
Batting: RHB Doug Murray 0-0: 3-RUN HOME RUN (Flyball, 78XD), Distance : 405 ft
Batting: LHB Dave Helásquez 0-0: Ball
1-0: Ball
2-0: Foul Ball, location: 2F
2-1: Called Strike
2-2: Ball
3-2: Foul Ball, location: 2F
3-2: Base on Balls
Batting: LHB Tommy Evans 0-0: Fielders Choice at 2nd, U6 (Groundball, 6M)
Batting: RHB Shawn Marshall 0-0: Swinging Strike
0-1: Ball
1-1: Foul Ball, location: 2F
1-2: Ball
2-2: 2-RUN HOME RUN (Flyball, 7D), Distance : 363 ft
Batting: RHB Howard Daniel 0-0: Foul Ball, location: 2F
0-1: Ball
1-1: Foul Ball, location: 2F
SINGLE, but batter called out on appeal for missing first base!
Batting: RHB António Venecia 0-0: Ball
1-0: Ball
2-0: Foul Ball, location: 2F
2-1: Foul Ball, location: 2F
2-2: Strikes out looking
Bottom of the 1st over - 5 run(s), 3 hit(s), 0 error(s), 0 left on base; Topeka 0 - Indiana 5
TOP OF THE 2ND
Topeka Tornados batting - Pitching for Indiana Hounds : RHP Claudio Martínez
Batting: LHB Aurelio Torrez 0-0: Swinging Strike
0-1: Ball
1-1: Swinging Strike
1-2: Strikes out looking
Batting: RHB Miguel Monteagudo 0-0: Swinging Strike
0-1: Ball
1-1: Ground out 6-3 (Groundball, 6)
Batting: RHB Matt Perkins 0-0: Ground out 2-3 (Groundball, 2L)
Top of the 2nd over - 0 run(s), 0 hit(s), 0 error(s), 0 left on base; Topeka 0 - Indiana 5
BOTTOM OF THE 2ND
Indiana Hounds batting - Pitching for Topeka Tornados : RHP Willie St. John
Batting: LHB Pepe Vázquez 0-0: Ball
1-0: Fly out, F4 (Popup, 3D)
Batting: RHB Danny Walker 0-0: Called Strike
0-1: Ball
1-1: Foul Ball, location: 2F
1-2: Foul Ball, location: 2F
1-2: Strikes out swinging
Batting: RHB Domingo Romero 0-0: Ball
1-0: Ball
2-0: Foul Ball, location: 2F
2-1: Called Strike
2-2: Fly out, F6 (Popup, 6D)
Bottom of the 2nd over - 0 run(s), 0 hit(s), 0 error(s), 0 left on base; Topeka 0 - Indiana 5
TOP OF THE 3RD
Topeka Tornados batting - Pitching for Indiana Hounds : RHP Claudio Martínez
Batting: RHB Will Sterling 0-0: Called Strike
0-1: Foul Ball, location: 2F
0-2: Ground out 6-3 (Groundball, 6M)
Batting: RHB José Pinto 0-0: Called Strike
0-1: Swinging Strike
0-2: Ball
1-2: Foul Ball, location: 2F
1-2: Strikes out swinging
Batting: LHB Morgan Wright 0-0: Foul Ball, location: 2F
0-1: Ball
1-1: Foul Ball, location: 2F
1-2: Ball
2-2: Ball
3-2: Strikes out swinging
Top of the 3rd over - 0 run(s), 0 hit(s), 0 error(s), 0 left on base; Topeka 0 - Indiana 5
BOTTOM OF THE 3RD
Indiana Hounds batting - Pitching for Topeka Tornados : RHP Willie St. John
Batting: RHB Doug Murray 0-0: Called Strike
0-1: Ball
1-1: Foul Ball, location: 2F
1-2: Strikes out swinging
Batting: LHB Dave Helásquez 0-0: Ball
1-0: Called Strike
1-1: Foul Ball, location: 2F
1-2: Ground out 5-3 (Groundball, 5S)
Batting: LHB Tommy Evans 0-0: Ball
1-0: Called Strike
1-1: Foul Ball, location: 2F
1-2: Strikes out swinging
Bottom of the 3rd over - 0 run(s), 0 hit(s), 0 error(s), 0 left on base; Topeka 0 - Indiana 5
TOP OF THE 4TH
Topeka Tornados batting - Pitching for Indiana Hounds : RHP Claudio Martínez
Batting: RHB Cho-yun Qiao 0-0: Ball
1-0: Called Strike
1-1: Called Strike
1-2: Strikes out looking
Batting: LHB Yoshiaki Ohayashi 0-0: Ball
1-0: Foul Ball, location: 2F
1-1: Swinging Strike
1-2: Foul Ball, location: 2F
1-2: Foul Ball, location: 2F
1-2: Ball
2-2: Foul Ball, location: 2F
2-2: Foul Ball, location: 2F
2-2: Ball
3-2: Base on Balls
Batting: RHB Bob Hall 0-0: Called Strike
0-1: SINGLE (Groundball, 56D)
Yoshiaki Ohayashi to second
Batting: LHB Aurelio Torrez 0-0: Ball
1-0: Swinging Strike
1-1: Ball
2-1: Grounds into double play, 4-6-3 (Groundball, 4)
Top of the 4th over - 0 run(s), 1 hit(s), 0 error(s), 1 left on base; Topeka 0 - Indiana 5
BOTTOM OF THE 4TH
Indiana Hounds batting - Pitching for Topeka Tornados : RHP Willie St. John
Batting: RHB Shawn Marshall 0-0: Foul Ball, location: 2F
0-1: Called Strike
0-2: Ball
1-2: Foul Ball, location: 2F
1-2: Ball
2-2: SINGLE (Line Drive, 89S)
Batting: RHB Howard Daniel 0-0: Ball
1-0: Foul Ball, location: 2F
1-1: Ball
2-1: Foul Ball, location: 2F
2-2: Ball
3-2: Strikes out looking
Shawn Marshall steals 2nd base
Batter strikes out.
Batting: RHB António Venecia 0-0: Ball
1-0: Ball
2-0: Called Strike
2-1: Ball
3-1: Base on Balls
Batting: LHB Pepe Vázquez 0-0: Swinging Strike
0-1: Fly out, F5 (Popup, 6)
Batting: RHB Danny Walker 0-0: Fielders Choice at 2nd, U4 (Groundball, 4M)
Bottom of the 4th over - 0 run(s), 1 hit(s), 0 error(s), 2 left on base; Topeka 0 - Indiana 5
TOP OF THE 5TH
Topeka Tornados batting - Pitching for Indiana Hounds : RHP Claudio Martínez
Batting: RHB Miguel Monteagudo 0-0: Ball
1-0: Swinging Strike
1-1: Foul Ball, location: 2F
1-2: Strikes out swinging
Batting: RHB Matt Perkins 0-0: Ball
1-0: Ground out 6-3 (Groundball, 6)
Batting: RHB Will Sterling 0-0: Ball
1-0: Called Strike
1-1: Called Strike
1-2: Ball
2-2: SINGLE (Line Drive, 7S)
Batting: RHB José Pinto 0-0: Ball
1-0: SINGLE (Groundball, 4M)
Will Sterling to second
Batting: LHB Morgan Wright 0-0: Called Strike
0-1: Foul Ball, location: 2F
0-2: Foul Ball, location: 2F
0-2: Ball
1-2: Ground out 4-3 (Groundball, 4)
Top of the 5th over - 0 run(s), 2 hit(s), 0 error(s), 2 left on base; Topeka 0 - Indiana 5
BOTTOM OF THE 5TH
Indiana Hounds batting - Pitching for Topeka Tornados : RHP Willie St. John
Batting: RHB Domingo Romero 0-0: Ball
1-0: SINGLE (Line Drive, 4MD)
Batting: RHB Doug Murray 0-0: Ball
1-0: Called Strike
1-1: Ball
2-1: Fly out, F9 (Flyball, 9D)
Runner from 1st tags up, SAFE at 2nd
Batting: LHB Dave Helásquez 0-0: Foul Ball, location: 2F
0-1: Foul Ball, location: 2F
0-2: Ball
1-2: Ball
2-2: Foul Ball, location: 2F
2-2: DOUBLE (Flyball, 89D)
Domingo Romero scores
Batting: LHB Tommy Evans 0-0: Ball
1-0: Foul Ball, location: 2F
1-1: Foul Ball, location: 2F
1-2: Ball
2-2: Ball
3-2: Foul Ball, location: 2F
3-2: DOUBLE (Line Drive, 9LM)
Dave Helásquez scores
Pitching: RHP Gerald Hood
Batting: RHB Shawn Marshall 0-0: Ball
1-0: Ball
2-0: Swinging Strike
2-1: Ball
3-1: Foul Ball, location: 2F
3-2: SINGLE (Line Drive, 8LS)
Tommy Evans to third
Batting: RHB Howard Daniel 0-0: SINGLE (Groundball, 4M)
Tommy Evans scores
Shawn Marshall to second
Batting: RHB António Venecia 0-0: Ball
1-0: Called Strike
1-1: Ball
2-1: Foul Ball, location: 2F
2-2: Foul Ball, location: 2F
2-2: Foul Ball, location: 2F
2-2: Strikes out swinging
Batting: LHB Pepe Vázquez 0-0: Ball
1-0: Swinging Strike
1-1: Foul Ball, location: 2F
1-2: Ball
2-2: Ball
3-2: Fly out, F7 (Flyball, 7M)
Bottom of the 5th over - 3 run(s), 5 hit(s), 0 error(s), 2 left on base; Topeka 0 - Indiana 8
TOP OF THE 6TH
Topeka Tornados batting - Pitching for Indiana Hounds : RHP Claudio Martínez
Batting: RHB Cho-yun Qiao 0-0: Ball
1-0: Ball
2-0: DOUBLE (Line Drive, 3D)
Batting: LHB Yoshiaki Ohayashi 0-0: Ball
1-0: Ball
2-0: Ball
3-0: Base on Balls
Batting: RHB Bob Hall 0-0: Foul Ball, location: 2F
0-1: Called Strike
0-2: Strikes out swinging
Batting: LHB Aurelio Torrez 0-0: Called Strike
0-1: Foul Ball, location: 2F
0-2: Fly out, F9 (Flyball, 89D)
Runner from 2nd tags up, SAFE at 3rd, no throw
Pitching: RHP Rob Fields
Batting: RHB Miguel Monteagudo 0-0: Ball
1-0: Foul Ball, location: 2F
1-1: Ball
2-1: Foul Ball, location: 2F
2-2: Strikes out swinging
Top of the 6th over - 0 run(s), 1 hit(s), 0 error(s), 2 left on base; Topeka 0 - Indiana 8
BOTTOM OF THE 6TH
Indiana Hounds batting - Pitching for Topeka Tornados : RHP Gerald Hood
Batting: RHB Danny Walker 0-0: Foul Ball, location: 2F
0-1: Ball
1-1: Hit by Pitch
Batting: RHB Domingo Romero 0-0: Foul Ball, location: 2F
0-1: Swinging Strike
0-2: Ball
1-2: Grounds into double play, 5-4-3 (Groundball, 5L)
Batting: RHB Doug Murray 0-0: SINGLE (Line Drive, 6M)
Batting: LHB Dave Helásquez 0-0: Ground out 4-3 (Groundball, 34D)
Bottom of the 6th over - 0 run(s), 1 hit(s), 0 error(s), 1 left on base; Topeka 0 - Indiana 8
TOP OF THE 7TH
Topeka Tornados batting - Pitching for Indiana Hounds : RHP Rob Fields
Batting: RHB Matt Perkins 0-0: Ball
1-0: Swinging Strike
1-1: Ball
2-1: Ball
3-1: Base on Balls
Batting: RHB Will Sterling 0-0: Ball
1-0: Ball
2-0: Hit by Pitch
Matt Perkins to second
Batting: RHB José Pinto 0-0: Ball
1-0: Swinging Strike
1-1: SINGLE (Line Drive, 4D)
Matt Perkins to third
Will Sterling to second
Batting: LHB Morgan Wright 0-0: Ball
1-0: Ball
2-0: Ball
3-0: Base on Balls
Matt Perkins scores
Will Sterling to third
José Pinto to second
Batting: RHB Cho-yun Qiao 0-0: SINGLE (Flyball, 7S)
Will Sterling scores
José Pinto to third
Morgan Wright to second
Runner from 3rd tries for Home, SAFE, no throw or cutoff
Pitching: LHP Ian DeMichelis
Batting: LHB Yoshiaki Ohayashi 0-0: Called Strike
0-1: Called Strike
0-2: Ball
1-2: Ball
2-2: Ground out 4-3 (Groundball, 13)
Morgan Wright to third
Cho-yun Qiao to second
Batting: RHB Bob Hall 0-0: Swinging Strike
0-1: DOUBLE (Line Drive, 3L)
Morgan Wright scores
Cho-yun Qiao scores
Batting: LHB Aurelio Torrez 0-0: Ball
1-0: Ball
2-0: Called Strike
2-1: Called Strike
2-2: Ground out 6-3 (Groundball, 6)
Batting: RHB Miguel Monteagudo 0-0: Ball
1-0: Ball
2-0: Called Strike
2-1: Ball
3-1: Base on Balls
Batting: RHB Matt Perkins 0-0: Ball
1-0: Ball
2-0: Called Strike
2-1: Foul Ball, location: 2F
2-2: Strikes out looking
Top of the 7th over - 5 run(s), 3 hit(s), 0 error(s), 2 left on base; Topeka 5 - Indiana 8
BOTTOM OF THE 7TH
Indiana Hounds batting - Pitching for Topeka Tornados : RHP Gerald Hood
Batting: LHB Tommy Evans 0-0: Called Strike
0-1: Ball
1-1: Ball
2-1: Called Strike
2-2: Ball
3-2: Base on Balls
Batting: RHB Shawn Marshall 0-0: Called Strike
0-1: Called Strike
0-2: Foul Ball, location: 2F
0-2: Ball
1-2: Strikes out swinging
Pitching: RHP Larry Jackson
Batting: RHB Howard Daniel 0-0: Ball
1-0: Foul Ball, location: 2F
1-1: Called Strike
1-2: Ball
2-2: Fly out, F8 (Flyball, 8LD)
Batting: RHB António Venecia 0-0: Called Strike
0-1: Called Strike
0-2: Ball
1-2: Strikes out looking
Bottom of the 7th over - 0 run(s), 0 hit(s), 0 error(s), 1 left on base; Topeka 5 - Indiana 8
TOP OF THE 8TH
Topeka Tornados batting - Pitching for Indiana Hounds : LHP Ian DeMichelis
Batting: RHB Will Sterling 0-0: Swinging Strike
0-1: Called Strike
0-2: Ball
1-2: Ball
2-2: Ball
3-2: Fly out, F7 (Flyball, 7D)
Batting: RHB José Pinto 0-0: Called Strike
0-1: Ball
1-1: Swinging Strike
1-2: Ground out 6-3 (Groundball, 6M)
Pitching: RHP Estefan Jiménez
Batting: LHB Morgan Wright 0-0: Called Strike
0-1: Foul Ball, location: 2F
0-2: DOUBLE (Line Drive, 78D)
Batting: RHB Cho-yun Qiao 0-0: Called Strike
0-1: Swinging Strike
0-2: Ball
1-2: SINGLE (Flyball, 6MD)
Morgan Wright to third
Throwing error, E7
Morgan Wright scores
Cho-yun Qiao to second
Pitching: LHP Dennis Taylor
Batting: LHB Yoshiaki Ohayashi 0-0: Called Strike
0-1: Ball
1-1: Foul Ball, location: 2F
1-2: Ball
2-2: Ball
3-2: Reached on error, E5 (Groundball, 56S)
Cho-yun Qiao to third
Pitching: RHP Teddy Mathews
Batting: RHB Bob Hall 0-0: Fly out, F7 (Flyball, 78D)
Top of the 8th over - 1 run(s), 2 hit(s), 2 error(s), 2 left on base; Topeka 6 - Indiana 8
BOTTOM OF THE 8TH
Indiana Hounds batting - Pitching for Topeka Tornados : RHP Larry Jackson
Batting: LHB Pepe Vázquez 0-0: Swinging Strike
0-1: Swinging Strike
0-2: Ball
1-2: Strikes out swinging
Batting: RHB Danny Walker 0-0: Ball
1-0: Called Strike
1-1: Called Strike
1-2: Foul Ball, location: 2F
1-2: Strikes out swinging
Batting: RHB Domingo Romero 0-0: Called Strike
0-1: Ball
1-1: Ball
2-1: Ball
3-1: Base on Balls
Batting: RHB Doug Murray 0-0: Called Strike
Domingo Romero steals 2nd base
0-1: SINGLE (Groundball, 5L) (infield hit)
Domingo Romero to third
Batting: LHB Dave Helásquez 0-0: Called Strike
0-1: Foul Ball, location: 2F
0-2: Ball
1-2: Ball
2-2: Ground out 3-1 (Groundball, 3L)
Bottom of the 8th over - 0 run(s), 1 hit(s), 0 error(s), 2 left on base; Topeka 6 - Indiana 8
TOP OF THE 9TH
Topeka Tornados batting - Pitching for Indiana Hounds : RHP Teddy Mathews
Pitching: LHP Pedro Torres
Batting: LHB Aurelio Torrez 0-0: Ball
1-0: Ball
2-0: Fly out, F8 (Line Drive, 8LD)
Batting: RHB Miguel Monteagudo 0-0: Called Strike
0-1: Ball
1-1: Ball
2-1: Ball
3-1: SINGLE (Groundball, 15S) (infield hit)
Batting: RHB Matt Perkins 0-0: Ball
1-0: Ball
2-0: Called Strike
2-1: Ground out 5-3 (Groundball, 5S)
Miguel Monteagudo to second
Batting: RHB Will Sterling 0-0: Foul Ball, location: 2F
0-1: Ball
1-1: Swinging Strike
1-2: Foul Ball, location: 2F
1-2: Strikes out looking
Top of the 9th over - 0 run(s), 1 hit(s), 0 error(s), 1 left on base; Topeka 6 - Indiana 8
Monday, December 5th, 2016 - OOTP Baseball 17.12 Build 75